 Dungeon Crawl Stone Soup version 0.17.1-1-g73c8601 (webtiles) character file.

116 JustSomeDude the Insei (level 4, -1/37 HPs)
             Began as a Demonspawn Monk on Dec 23, 2015.
             Slain by an orc priest
             ... wielding a +2 hand axe of chopping
              (9 damage)
             ... on level 3 of the Dungeon.
             The game lasted 00:04:18 (2284 turns).

JustSomeDude the Insei (Demonspawn Monk)            Turns: 2284, Time: 00:04:18

Health: -1/37      AC:  3    Str: 11    XL:     4   Next: 69%
Magic:  4/4        EV: 14    Int: 11    God:
Gold:   100        SH:  0    Dex: 17    Spells: 0 memorised, 3 levels left

rFire  . . .     SeeInvis .     i - +0 hand axe
rCold  . . .     Clarity  .     a - +0 robe
rNeg   . . .     SustAt   .     (no shield)
rPois  .         Gourm    .     (helmet restricted)
rElec  .         Spirit   .     (no cloak)
rCorr  .         Warding  .     n - +0 pair of gloves
rMut   .         Stasis   .     (no boots)
MR     .....                    (no amulet)
Stlth  ++........               (no ring)
                                (no ring)

@: not resistant to hostile enchantments, unstealthy
A: antennae 1, claws 1
a: no special abilities


You were on level 3 of the Dungeon.
You were not hungry.

You visited 1 branch of the dungeon, and saw 3 of its levels.

You collected 100 gold pieces.

Inventory:

Hand Weapons
 i - a +0 hand axe (weapon)
Armour
 a - a +0 robe (worn)
 n - a +0 pair of gloves (worn)
Jewellery
 e - an uncursed ring of protection from cold {unknown}
Scrolls
 f - a scroll of identify {unknown}
 h - a scroll of random uselessness {unknown}
 j - a scroll of remove curse {unknown}
 k - a scroll of amnesia {unknown}
 m - a scroll of noise {unknown}
 r - a scroll of teleportation {unknown}
Potions
 c - a potion of resistance {unknown}
 g - a potion of ambrosia {unknown}
 o - a potion of might
 p - a potion of cancellation {unknown}
Comestibles
 b - 4 bread rations
 d - a slice of pizza
 l - a royal jelly
 q - a meat ration


   Skills:
 + Level 3.9 Fighting
 + Level 1.1 Axes
 + Level 3.5 Dodging
 + Level 2.1 Stealth
 + Level 4.0 Unarmed Combat


You had 3 spell levels left.
You didn't know any spells.

Dungeon Overview and Level Annotations

Branches:
Dungeon (3/15)

Altars:
Dithmenos
Ru


Innate Abilities, Weirdness & Mutations

You have a pair of small antennae on your head.
You have sharp fingernails.


Message History

Pain shoots through your body!
You closely miss the orc priest. You barely miss the orc.
The orc is almost dead.
The orc priest completely misses you. The orc closely misses you.
You closely miss the orc priest. You barely miss the orc.
The orc is almost dead.
The orc priest hits you with a hand axe of chopping!
You hit the orc priest but do no damage.
You barely miss the orc.
The orc is almost dead.
You barely miss the orc. The orc barely misses you.
The orc priest mumbles some strange prayers to Beogh against you.
Pain shoots through your body!
* * * LOW HITPOINT WARNING * * *
The orc barely misses you. The orc closely misses you.
You hit the orc priest but do no damage.
You hit the orc but do no damage. You hit the orc.
You kill the orc!
The orc priest hits you with a hand axe of chopping!
You die...

### ...
## ###.#
#. ....#
#.###...#
#.......#
#..#<...#
#..#.#..#
#..@†...#
##o#o#.##
#.#.#.#
#.... #
###.##
#.# #.#
#.# #.#


You could see an orc priest and an orc.

Vanquished Creatures
  Jessica (D:2)
  Robin (D:2)
  An adder (D:2)
  A worm (D:2)
  2 giant geckos
  An orc (D:3)
  16 goblins
  13 hobgoblins
  4 jackals (D:1)
  A quokka (D:2)
  A ball python (D:1)
  7 bats
  A giant cockroach (D:1)
  3 giant newts (D:1)
  4 kobolds (D:1)
  3 rats (D:1)
60 creatures vanquished.

Notes
Turn   | Place    | Note
--------------------------------------------------------------
     0 | D:1      | JustSomeDude the Demonspawn Monk began the quest for the Orb.
     0 | D:1      | Reached XP level 1. HP: 18/18 MP: 1/1
   153 | D:1      | Gained mutation: You have a pair of small antennae on your head. [demonic ancestry]
   153 | D:1      | Reached XP level 2. HP: 9/24 MP: 2/2
   501 | D:1      | Reached skill level 4 in Unarmed Combat
   955 | D:1      | Reached XP level 3. HP: 29/29 MP: 3/3
  1276 | D:2      | Found a sacrificial altar of Ru.
  1449 | D:2      | Noticed Robin
  1462 | D:2      | Killed Robin
  1703 | D:2      | Gained mutation: You have sharp fingernails. [demonic ancestry]
  1703 | D:2      | Reached XP level 4. HP: 36/36 MP: 4/4
  1770 | D:2      | Noticed Jessica
  1782 | D:2      | Killed Jessica
  1782 | D:2      | Reached skill level 1 in Axes
  1865 | D:2      | Found a shadowy altar of Dithmenos.
  2284 | D:3      | Slain by an orc priest

Action                   |  1- 3 |  4- 6 || total
-------------------------+-------+-------++-------
Melee: Unarmed           |    29 |       ||    29
       Hand axe          |   105 |    45 ||   150
  Use: Potion            |     1 |       ||     1
 Stab: Sleeping          |     1 |     1 ||     2
  Eat: Bread ration      |     1 |       ||     1
